Map: Triton LE

Players

Denver

  • Race: Zerg Zerg
  • League: Master
  • Spawn Location: 5:00

lIIllllIIlll (INnoVation) - Winner!

  • Race: Terran Terran
  • League: Master
  • Spawn Location: 11:00

Event: HomeStory Cup XX

VOD

Have the link to the VOD?

Description

Time

  • Played on: Nov. 21, 2019, 4:29 p.m.
  • Length: 12:24

All games in this series

Show
View Real Time Build Order
Export as new Build Order

Denver Zerg 

Build Orders: Hatch First 

Get SALT Encoding   

  12  0:00  Drone  
  13  0:12  Overlord  
  13  0:16  Drone  
  14  0:30  Drone  
  14  0:31  Drone  
  16  0:47  Hatchery  
  15  0:50  Drone  
  15  0:54  Drone  
  17  0:59  Drone  
  18  1:08  Extractor  
  17  1:14  Spawning Pool  
  17  1:16  Drone  
  17  1:19  Drone  
  18  1:28  Drone  
  19  1:38  Drone  
  20  1:49  Drone  
  21  2:00  Zergling x4  
  23  2:01  Queen  
  23  2:02  Queen  
  27  2:09  Metabolic Boost  
  27  2:10  Overlord  
  27  2:12  Drone  
  28  2:25  Spore Crawler  
  28  2:26  Drone  
  28  2:29  Drone  
  29  2:32  Drone x2  
  31  2:37  Queen  
  34  2:45  Overlord  
  34  2:49  Drone  
  35  2:55  Drone  
  36  3:00  Overlord  
  36  3:02  Queen  
  36  3:05  Drone x2  
  40  3:13  Hatchery  
  40  3:15  Drone  
  40  3:18  Drone x2  
  42  3:23  Drone  
  42  3:26  Overlord  
  43  3:29  Pneumatized Carapace  
  43  3:32  Drone  
  44  3:38  Spore Crawler  
  44  3:39  Drone x2  
  45  3:44  Queen  
  45  3:47  Drone x2  
  49  3:49  Drone  
  49  3:50  Drone  
  52  3:57  Overlord  
  52  4:00  Drone x2  
  54  4:11  Drone x2  
  54  4:14  Lair  
  55  4:21  Drone x2  
  55  4:22  Zergling x4  
  58  4:26  Extractor, Zergling x10  
  58  4:28  Queen  
  64  4:36  Drone x3  
  64  4:38  Extractor  
  66  4:39  Baneling Nest  
  66  4:45  Drone  
  66  4:46  Overlord  
  66  4:48  Drone x4  
  66  4:51  Extractor  
  69  4:53  Overlord  
  69  4:56  Drone x2  
  72  5:00  Drone x3  
  72  5:06  Drone  
  72  5:07  Drone  
  75  5:08  Evolution Chamber x2  
  75  5:11  Drone x2  
  75  5:12  Drone  
  76  5:14  Drone  
  76  5:16  Drone x2  
  79  5:23  Centrifical Hooks  
  79  5:24  Drone x2  
  79  5:25  Drone  
  79  5:26  Extractor  
  79  5:27  Drone  
  82  5:28  Extractor  
  82  5:29  Overlord  
  81  5:36  Hatchery, Zerg Ground Armor Level 1  
  81  5:37  Drone x3  
  81  5:41  Overlord  
  83  5:43  Zerg Melee Weapons Level 1  
  83  5:44  Overlord  
  83  5:49  Zergling x10  
  88  5:53  Drone  
  88  5:54  Overlord  
  88  5:57  Overlord  
  89  5:58  Overlord  
  89  5:59  Overseer  
  89  6:04  Zergling x12  
  95  6:09  Baneling  
  95  6:10  Baneling x2  
  92  6:11  Zergling x2  
  92  6:12  Zergling x2  
  92  6:16  Zergling x2  
  92  6:17  Zergling x8  
  97  6:27  Zergling x12  
  97  6:31  Drone x3  
  101  6:40  Hatchery  
  101  6:42  Zergling x12, Hydralisk Den  
  101  6:46  Queen  
  107  6:47  Overlord  
  107  6:52  Zergling x2  
  107  6:56  Drone x7  
  107  7:00  Baneling x2  
  107  7:01  Baneling x5  
  114  7:03  Baneling x3  
  114  7:07  Overlord  
  114  7:09  Overlord  
  114  7:12  Grooved Spines  
  114  7:13  Zergling x14  
  114  7:14  Baneling  
  114  7:15  Baneling x2  
  120  7:21  Drone  
  120  7:22  Drone x3  
  124  7:24  Hydralisk  
  124  7:25  Hydralisk x2  
  124  7:28  Baneling x2  
  124  7:29  Overlord  
  122  7:39  Zergling x22  
  126  7:48  Zergling x2  
  126  7:49  Zergling x6  
  118  7:52  Hatchery, Overseer  
  118  7:54  Zerg Ground Armor Level 2  
  118  7:55  Zerg Melee Weapons Level 2  
  117  7:58  Baneling  
  117  7:59  Baneling x9  
  117  8:02  Hydralisk  
  117  8:03  Hydralisk  
  121  8:10  Infestation Pit, Hydralisk x4  
  128  8:16  Drone x3  
  128  8:18  Hydralisk x2  
  128  8:19  Overlord  
  135  8:22  Extractor  
  135  8:23  Overlord  
  135  8:24  Muscular Augments  
  134  8:27  Zergling x14  
  134  8:33  Overlord  
  141  8:34  Overlord x3  
  141  8:38  Overlord  
  141  8:40  Hydralisk, Overlord  
  143  8:43  Overlord x2  
  143  8:46  Hydralisk  
  145  8:51  Hydralisk x3  
  151  8:56  Hive  
  151  9:03  Hydralisk x5  
  151  9:07  Drone  
  151  9:08  Drone x4  
  165  9:16  Zergling x14  
  172  9:17  Overseer  
  172  9:23  Zergling x4  
  174  9:25  Spire  
  171  9:34  Hydralisk x5  
  171  9:36  Baneling x4  
  181  9:42  Zergling x12  
  177  9:47  Overseer  
  177  9:50  Queen  
  179  9:53  Zergling x16  
  179  10:06  Drone x5  
  179  10:07  Drone  
  181  10:13  Viper x2  
  181  10:17  Drone x5  
  181  10:19  Baneling x8  
  185  10:33  Drone x8  
  185  10:34  Zergling x18  
  197  10:37  Extractor  
  196  10:50  Drone x3  
  196  10:53  Extractor  
  196  10:55  Spine Crawler  
  196  10:56  Spore Crawler x2  
  195  10:57  Spine Crawler  
  195  11:00  Baneling  
  195  11:01  Baneling x3  
  195  11:02  Overlord  
  194  11:07  Drone x4  
  194  11:09  Extractor  
  179  11:38  Zergling x32, Hydralisk x2  
  189  11:45  Zergling x40, Hydralisk x2  
  175  11:56  Zergling x12  
  175  11:57  Zergling x8  
  150  12:15  Hatchery  
Show
View Real Time Build Order
Export as new Build Order

lIIllllIIlll Terran - Winner!

Build Orders: Reaper Expand 

Get SALT Encoding   

  12  0:00  SCV  
  13  0:12  SCV  
  14  0:17  Supply Depot  
  14  0:24  SCV  
  15  0:38  SCV  
  15  0:40  Barracks  
  16  0:42  Refinery  
  16  0:50  SCV  
  17  1:02  SCV  
  18  1:14  SCV  
  19  1:27  Orbital Command, Reaper  
  20  1:38  Command Center  
  20  1:51  Supply Depot  
  20  1:52  SCV  
  21  1:59  Marine  
  22  2:05  SCV  
  23  2:08  Factory  
  23  2:17  SCV  
  23  2:19  Barracks Reactor  
  24  2:29  SCV  
  25  2:41  SCV  
  25  2:42  Command Center  
  26  2:51  Orbital Command  
  26  2:54  SCV  
  27  3:00  Starport  
  27  3:06  Refinery  
  27  3:09  Hellion  
  27  3:12  SCV  
  30  3:17  Hellion  
  30  3:19  SCV  
  33  3:22  Barracks Tech Lab  
  33  3:25  SCV  
  34  3:33  SCV  
  35  3:37  SCV  
  35  3:40  Hellion x2  
  40  3:45  SCV  
  40  3:49  SCV  
  40  3:50  Marine, Medivac  
  40  3:55  Orbital Command  
  44  3:57  SCV  
  44  3:59  Stimpack  
  44  4:01  SCV  
  46  4:04  Barracks  
  46  4:08  Marine  
  46  4:09  SCV  
  48  4:11  Factory Reactor  
  48  4:13  SCV  
  48  4:16  Supply Depot  
  49  4:19  Barracks  
  49  4:26  SCV x3  
  49  4:27  Marine  
  49  4:28  Starport Reactor  
  53  4:38  SCV x3  
  55  4:39  Engineering Bay  
  55  4:41  Engineering Bay  
  55  4:45  Marine  
  57  4:46  Supply Depot  
  57  4:49  Refinery x2  
  57  4:52  SCV x2  
  59  4:53  SCV  
  59  4:54  Marine  
  59  4:57  Marine  
  59  4:58  Factory Tech Lab  
  62  5:04  SCV  
  62  5:05  Terran Infantry Weapons Level 1, SCV x2  
  65  5:09  Terran Infantry Armor Level 1  
  65  5:10  Marine  
  65  5:11  Supply Depot  
  65  5:12  Marine  
  67  5:15  Marine  
  67  5:16  SCV  
  67  5:17  SCV  
  67  5:18  Orbital Command  
  70  5:22  Medivac  
  70  5:26  Siege Tank  
  70  5:27  Supply Depot  
  70  5:28  Marine  
  75  5:29  Supply Depot  
  75  5:30  SCV  
  75  5:33  SCV  
  78  5:42  Marine x4, Combat Shield  
  82  5:46  SCV x3  
  82  5:48  Supply Depot  
  82  5:49  Marine  
  86  5:52  Supply Depot  
  86  5:55  Supply Depot  
  86  5:58  Siege Tank, SCV x2  
  86  5:59  SCV  
  92  6:04  Barracks  
  92  6:05  Barracks  
  92  6:12  Armory  
  92  6:14  SCV x3  
  92  6:15  Marine x5  
  98  6:21  Medivac x2  
  98  6:24  Refinery  
  102  6:28  SCV x3  
  105  6:37  Siege Tank  
  105  6:39  Marine x3, Refinery, Supply Depot  
  109  6:40  Marine x2, SCV x3  
  115  6:49  Supply Depot  
  115  6:52  SCV x3  
  116  6:58  Barracks Reactor x2  
  118  7:02  Marine x2  
  118  7:03  Marine x3, Terran Infantry Weapons Level 2  
  118  7:04  Terran Infantry Armor Level 2  
  118  7:05  Supply Depot  
  121  7:10  Supply Depot  
  121  7:14  Siege Tank  
  124  7:16  SCV x3  
  124  7:18  Supply Depot  
  124  7:21  Supply Depot  
  127  7:23  Marine, Factory  
  127  7:24  Marine x2  
  130  7:30  Medivac x2  
  128  7:39  SCV x2  
  128  7:40  SCV  
  127  7:49  Marine x3, Liberator  
  127  7:50  Marine x5, Liberator  
  108  7:55  Siege Tank  
  108  7:58  Marine  
  113  8:07  Marine x4  
  113  8:08  Missile Turret  
  113  8:09  Marine  
  113  8:10  Marine  
  113  8:11  Marine x2  
  123  8:15  Marine, Factory Tech Lab  
  124  8:22  Missile Turret  
  124  8:28  Siege Tank  
  124  8:29  Sensor Tower  
  124  8:30  Command Center  
  124  8:34  Marine x5, Marauder  
  134  8:45  Marine, Siege Tank  
  134  8:46  Marine x2  
  140  8:52  Marine x5  
  140  8:55  SCV x3  
  149  8:56  Marauder  
  149  8:58  Supply Depot  
  149  8:59  Medivac x2  
  149  9:00  Siege Tank  
  157  9:09  Marine x4  
  157  9:10  Barracks x2  
  157  9:12  Barracks  
  157  9:13  SCV x3  
  163  9:17  Marauder, Supply Depot, Concussive Shells  
  163  9:23  Terran Infantry Weapons Level 3  
  163  9:32  Marine, Terran Infantry Armor Level 3  
  163  9:34  Marine  
  163  9:38  SCV x2  
  165  9:50  Medivac x2, SCV  
  165  9:51  SCV x2  
  172  10:00  Barracks Tech Lab x2  
  172  10:01  Marine, Barracks Tech Lab  
  172  10:02  Refinery x2, Marine x4, Marauder, Sensor Tower  
  179  10:13  Siege Tank x2  
  181  10:21  Marauder x2  
  181  10:22  Marauder, Marine x2  
  181  10:23  Marine x2, Marauder  
  181  10:28  Planetary Fortress  
  191  10:35  Medivac x2  
  190  10:40  Marine x7  
  199  10:44  Starport  
  199  10:45  Starport  
  199  10:59  Fusion Core  
  199  11:02  Marine  
  200  11:12  Ghost Academy  
  200  11:13  Marine  
  199  11:19  Marine  
  200  11:29  Marine x3  
  200  11:30  Marine x5  
  200  11:33  Starport Reactor  
  200  11:34  Starport Reactor  
  189  11:42  Marine  
  189  11:43  Marine x3  
  189  11:44  Siege Tank x2  
  192  11:47  Marine x4  
  177  11:55  Marauder x2  
  177  11:57  Marine x2  
  177  12:00  Marine  
  177  12:01  Marine, Marauder x2  
  171  12:05  Marine x4  
  163  12:21  Command Center  
Tags
 
Add a new tag
Caveats
  • Supply blocks, unpowered buildings, or Contaminate may cause inaccurate times.
  • Supply counts are checked every 10 seconds.